 Dungeon Crawl Stone Soup version 0.30-a0-614-ge5ea1257c2 (console) character file.

Game seed: 12208074091785021783

13254 Abuh the Severer (level 11, -6/169 HPs)
             Began as a Minotaur Berserker on Jan 5, 2023.
             Was a High Priest of Trog.
             Killed from afar by a starcursed mass (14 damage)
             ... with an accursed screaming
             ... while paralysed by accursed screaming
             ... on level 1 of the Abyss on Jan 9, 2023.
             The game lasted 00:42:04 (9209 turns).

Abuh the Severer (Minotaur Berserker)               Turns: 9209, Time: 00:42:05

Health: -6/169     AC: 25    Str: 29    XL:     11   Next: 73%
Magic:  10/10      EV:  2    Int:  4    God:    Trog [*****.]
Gold:   536        SH:  0    Dex:  9    Spells: 10/10 levels left

rFire   + . .      SeeInvis .    k - +2 war axe
rCold   + + .      Faith    .    l - +0 buckler
rNeg    . . .      Spirit   .    x - +6 plate armour of the Pirate {Harm rF+ rC++ Dex-2}
rPois   .          Reflect  .    L - +1 hat
rElec   .          Harm     +    g - +0 cloak
rCorr   +          Rampage  .    h - +1 pair of gloves
Will    .....                    q - +2 pair of boots Stlth
                                 (no amulet)
HPRegen 0.48/turn                N - ring "Raagud" {rCorr Str+4}
MPRegen 0.12/turn                G - +5 ring of evasion

@: paralysed, mighty, berserking (expiring)
A: horns 2, retaliatory headbutt
a: Renounce Religion, Berserk, Trog's Hand, Brothers in Arms


You were on level 1 of the Abyss.
You worshipped Trog.
Trog was extremely pleased with you.
You visited 2 branches of the dungeon, and saw 11 of its levels.
You visited the Abyss 1 time.

You collected 536 gold pieces.

Inventory:

Hand Weapons
 a - a +0 hand axe of freezing
 k - a +2 war axe (weapon)
 v - a +2 dire flail of holy wrath
Armour
 g - a +0 cloak (worn)
 h - a +1 pair of gloves (worn)
 l - a +0 buckler (worn)
 q - a +2 pair of boots (worn)
 w - a +4 scale mail of cold resistance
 x - the +6 plate armour of the Pirate (worn) {Harm rF+ rC++ Dex-2}
   (You took it off an orc on level 4 of the Dungeon)

   Dex:       It affects your dexterity (-2).
   rF:        It protects you from fire.
   rC:        It greatly protects you from cold.
   Harm:      It increases damage dealt and taken.
 z - a +3 plate armour
 L - a +1 hat (worn)
Jewellery
 b - a ring of positive energy
 f - a ring of ice
 C - a +6 ring of intelligence
 D - a ring of flight
 G - a +5 ring of evasion (right hand)
 N - the ring "Raagud" (left hand) {rCorr Str+4}
   (You found it on level 10 of the Dungeon)

   [ring of resist corrosion]

   Str:       It affects your strength (+4).
   rCorr:     It protects you from acid and corrosion.
Wands
 p - a wand of roots (28)
 u - a wand of flame (42)
 B - a wand of acid (14)
Scrolls
 c - a scroll of silence
 d - a scroll of noise
 j - 5 scrolls of fear
 s - 3 scrolls of teleportation
 y - a scroll of amnesia
 A - a scroll of fog
 F - 3 scrolls of identify
 H - a scroll of butterflies {unknown}
 J - a scroll of immolation {unknown}
 K - a scroll of enchant armour
Potions
 e - 2 potions of mutation
 m - 8 potions of curing
 o - a potion of brilliance
 r - 2 potions of magic
 t - a potion of haste
 E - 2 potions of flight
 I - 2 potions of cancellation {unknown}


   Skills:
 + Level 15.5 Fighting
 - Level 16.0 Axes
 - Level 4.5 Armour
 - Level 2.1 Dodging
 - Level 3.1 Shields


You had 10 spell levels left.
You didn't know any spells.
Your spell library was empty.

Dungeon Overview and Level Annotations

Branches:
Dungeon (10/15)            Temple (0/1) D:5            Lair (0/5) D:10
    Orc (1/2) D:10

Altars:
Ashenzari
Elyvilon
Gozag
Hepliaklqana
Kikubaaqudgha
Nemelex Xobeh
Okawaru

Shops:
D:8 *


Innate Abilities, Weirdness & Mutations

You have a pair of horns on your head.
You reflexively headbutt those who attack you in melee.


Message History

You feel very mighty all of a sudden. A chorus of shrieks assaults your mind.
* * * LOW HITPOINT WARNING * * *
A starcursed mass splits. x2
The red draconian breathes fire at you. The searing blast misses you.
A red film seems to cover your vision as you go berserk!
You feel yourself moving faster!
You feel mighty! The starcursed mass touches you!
* * * LOW HITPOINT WARNING * * *
The red draconian hits you from afar with a +0 halberd.
* * * LOW HITPOINT WARNING * * *
A deafening chorus of shrieks assaults your mind!
* * * LOW HITPOINT WARNING * * *
You suddenly lose the ability to move!
You can move again.
You slash the starcursed mass!
The starcursed mass is moderately damaged.
You slash the starcursed mass!
The starcursed mass shudders and is absorbed by its neighbour. x2
A starcursed mass splits.
You block the red draconian's attack.
You closely miss the red draconian. You headbutt the red draconian!!
The red draconian is moderately wounded.
You hit the red draconian.
You headbutt the red draconian, but do no damage.
The red draconian is moderately wounded.
A starcursed mass splits.
The red draconian barely misses you.
You hit the red draconian.
The red draconian is moderately wounded.
The red draconian breathes fire at you. The searing blast hits you. You resist.
* * * LOW HITPOINT WARNING * * *
A starcursed mass splits.
There is a gateway leading out of the Abyss, spattered with blood here.
You feel a strong urge to attack something.
The red draconian misses you.
A deafening chorus of shrieks assaults your mind!
* * * LOW HITPOINT WARNING * * *
You suddenly lose the ability to move!
You stop descending the stairs.
A deafening chorus of shrieks assaults your mind!
You die...

. .. ##. .
#.. # ..
.#
#.##.###.#
#...#.d#
#..## #@.#
#○XX.#
#XXX.#
XX###..
#.. #.#
..# #.#
##. ... ..
..


You could see 7 starcursed masses and a red draconian (catching breath).

Vanquished Creatures
  A tentacled starspawn (Abyss:1)
  A two-headed ogre (D:8)
  Erica (D:8)
  3 death yaks (D:10)
  A wretched star (Abyss:1)
  3 large abominations (Abyss:1)
  A smoke demon (Abyss:1)
  A gargoyle (D:10)
  Psyche (D:8)
  An unseen horror (D:10)
  A hornet (D:8)
  A troll (D:9)
  Grinder (D:5)
  Sigmund (D:2)
  A centaur simulacrum (Abyss:1)
  3 vampires
  A wraith (D:9)
  A wyvern (D:10)
  7 yaks
  5 small abominations (Abyss:1)
  A chaos spawn (Abyss:1)
  Edmund (D:5)
  An acid dragon (D:10)
  3 water moccasins
  3 orc warriors
  An ice beast (D:7)
  2 sky beasts
  An ogre (D:5)
  3 centaurs
  3 phantoms
  2 kobold brigands
  2 bullfrogs
  A necrophage (D:5)
  A scorpion (D:4)
  11 wights
  4 killer bees (D:8)
  4 howler monkeys (D:10)
  3 jellies
  4 orc priests
  A gnoll bouda (D:7)
  2 hounds
  An iron imp (Abyss:1)
  An iguana (D:7)
  8 orc wizards
  Robin (D:3)
  4 gnolls (D:7)
  2 river rats (D:10)
  12 adders
  2 shadow imps
  3 white imps
  An ufetubus (D:5)
  2 worms
  2 dart slugs
  35 orcs
  5 endoplasms
  3 giant cockroaches
  14 goblins
  8 hobgoblins
  4 quokkas
  9 ball pythons
  6 bats
  4 frilled lizards
  15 kobolds
  3 rats
235 creatures vanquished.

Vanquished Creatures (others)
  2 starspawn tentacles (Abyss:1)
2 creatures vanquished.

Grand Total: 237 creatures vanquished

Notes
Turn   | Place    | Note
-------+----------+-------------------------------------------
     0 | D:1      | Abuh the Minotaur Berserker began the quest for the Orb.
     0 | D:1      | Reached XP level 1. HP: 19/19 MP: 0/0
   198 | D:1      | Reached skill level 4 in Axes
   245 | D:1      | Reached XP level 2. HP: 24/27 MP: 1/1
   709 | D:1      | You fall into a shaft and drop 1 floor!
   805 | D:2      | Reached XP level 3. HP: 26/33 MP: 2/2
   993 | D:2      | Reached ** piety under Trog
  1041 | D:2      | Noticed Sigmund
  1056 | D:2      | Killed Sigmund
  1057 | D:2      | Reached skill level 5 in Axes
  1057 | D:2      | Reached XP level 4. HP: 30/41 MP: 3/3
  1057 | D:2      | Reached XP level 5. HP: 34/47 MP: 4/4
  1415 | D:2      | Found a faded altar of an unknown god.
  2167 | D:3      | Reached skill level 6 in Axes
  2176 | D:3      | Reached XP level 6. HP: 34/55 MP: 5/5
  2293 | D:3      | Found a white marble altar of Elyvilon.
  2326 | D:3      | Noticed Robin
  2337 | D:3      | Killed Robin
  2338 | D:3      | Reached skill level 5 in Fighting
  2359 | D:3      | Found an iron altar of Okawaru.
  3158 | D:4      | Found an opulent altar of Gozag.
  3188 | D:4      | Found a sparkling altar of Nemelex Xobeh.
  3189 | D:4      | Found a broken altar of Ashenzari.
  3194 | D:4      | Identified the +6 plate armour of the Pirate {Harm rF+ rC++
                  | Dex-2}
  3271 | D:4      | Reached skill level 7 in Axes
  3271 | D:4      | Reached XP level 7. HP: 16/61 MP: 6/6
  3541 | D:4      | Reached *** piety under Trog
  3766 | D:5      | Entered Level 5 of the Dungeon
  3861 | D:5      | Noticed Grinder
  3870 | D:5      | Paralysed by Grinder for 5 turns
  3898 | D:5      | Paralysed by Grinder for 5 turns
  3907 | D:5      | Killed Grinder
  3908 | D:5      | Reached skill level 8 in Axes
  3979 | D:5      | Noticed Edmund
  3995 | D:5      | Killed Edmund
  3996 | D:5      | Reached skill level 9 in Axes
  3996 | D:5      | Reached XP level 8. HP: 58/71 MP: 7/7
  4579 | D:5      | Reached skill level 10 in Axes
  4595 | D:5      | Found a staircase to the Ecumenical Temple.
  4676 | D:5      | Found an ancient bone altar of Kikubaaqudgha.
  4676 | D:5      | Found a hazy altar of Hepliaklqana.
  4788 | D:6      | Upgraded the game from 0.30-a0-591-g3c58d2bc28 to
                  | 0.30-a0-614-ge5ea1257c2
  5500 | D:7      | Reached skill level 11 in Axes
  5757 | D:7      | Reached XP level 9. HP: 82/82 MP: 8/8
  5764 | D:7      | Reached **** piety under Trog
  5922 | D:7      | Reached skill level 12 in Axes
  6319 | D:8      | Noticed a two-headed ogre
  6324 | D:8      | Killed a two-headed ogre
  6325 | D:8      | Reached skill level 13 in Axes
  6343 | D:8      | Reached skill level 10 in Fighting
  6492 | D:8      | Noticed Psyche
  6503 | D:8      | Killed Psyche
  6542 | D:8      | Found Qujaon's Assorted Antiques.
  6563 | D:8      | Reached XP level 10. HP: 93/93 MP: 9/9
  6921 | D:8      | Noticed Erica
  6931 | D:8      | Killed Erica
  6932 | D:8      | Reached skill level 14 in Axes
  7425 | D:9      | Reached skill level 15 in Axes
  7524 | D:9      | Reached ***** piety under Trog
  7904 | D:10     | Entered Level 10 of the Dungeon
  7905 | D:10     | Noticed a death yak
  7905 | D:10     | Noticed a death yak
  7907 | D:10     | Noticed a death yak
  7916 | D:10     | Killed a death yak
  7917 | D:10     | Noticed a gargoyle
  7920 | D:10     | Killed a death yak
  7926 | D:10     | Found a staircase to the Lair.
  7939 | D:10     | Killed a death yak
  7940 | D:10     | Reached skill level 16 in Axes
  7940 | D:10     | Reached XP level 11. HP: 96/104 MP: 10/10
  7981 | D:10     | Identified the ring "Raagud" {rCorr Str+4}
  8149 | D:10     | Found a staircase to the Orcish Mines.
  8744 | Orc:1    | Entered Level 1 of the Orcish Mines
  8762 | Abyss:1  | Cast into level 1 of the Abyss (orc warrior)
  8771 | Abyss:1  | Noticed a large abomination
  8782 | Abyss:1  | Killed a large abomination
  8959 | Abyss:1  | Noticed a wretched star
  8970 | Abyss:1  | Killed a wretched star
  8981 | Abyss:1  | Noticed a tentacled starspawn
  8991 | Abyss:1  | Killed a tentacled starspawn
  8992 | Abyss:1  | Reached skill level 15 in Fighting
  9086 | Abyss:1  | Noticed a red draconian
  9194 | Abyss:1  | Noticed a starcursed mass
  9201 | Abyss:1  | Paralysed by accursed screaming for 1 turns
  9208 | Abyss:1  | HP: 7/169 [starcursed mass/accursed screaming (19)]
  9208 | Abyss:1  | Paralysed by accursed screaming for 1 turns
  9209 | Abyss:1  | Killed from afar by a starcursed mass

Illustrated notes

Levels and vault maps discovered:
D:1:      amcnicky_arrival_blooded_trapdoor, layout_basic
D:2:      layout_loops_ring, serial_rivers, chequers_serial_rivers_large_b,
          chequers_serial_rivers_large_a, chequers_serial_rivers_marsh,
          chequers_serial_rivers_micro_a, shapermc_ecumenical_altar_notcrosses,
          minmay_pentomino_s2, uniq_sigmund
D:3:      layout_rooms, mainiacjoe_overflow_small_starburst,
          mainiacjoe_overflow_boulevard, uniq_robin
D:4:      layout_rooms, lemuel_tele_altar, mainiacjoe_overflow_divided_tiny
D:5:      layout_loops_ring, gammafunk_temple_overflow_statue, temple_hall,
          uniq_edmund, uniq_grinder
D:6:      layout_loops_cross, serial_park_tiny_2
D:7:      layout_basic, st_stairs_5, interstate_on_off
D:8:      layout_loops_ring, serial_shops, shop, uniq_erica, uniq_psyche
D:9:      layout_cave_pods
D:10:     layout_basic, dpeg_lair_monsters, orc_0_dummy
Orc:1:    layout_caves, uniq_urug
Abyss:1:  base: D:9, hangedman_abyss_or_decor_stabs

Skill      XL: |  1  2  3  4  5  6  7  8  9 10 11 |
---------------+----------------------------------+-----
Axes           | 4 5 6 7 9 11 13 16 | 16.0
Fighting       | 4 5 6 8 10 12 15 | 15.5
Armour         | 3 4 |  4.5
Shields        | 2 3 |  3.1
Dodging        | |  2.1

Action                   |  1- 3 |  4- 6 |  7- 9 | 10-12 || total
-------------------------+-------+-------+-------+-------++-------
Melee: Hand axe          |    87 |   131 |   139 |       ||   357
       Headbutt          |     6 |    20 |    38 |    57 ||   121
       War axe           |       |       |    83 |   247 ||   330
Invok: Berserk           |       |       |     2 |     1 ||     3
  Use: Scroll            |       |     7 |    10 |       ||    17
       Potion            |       |     6 |     1 |     5 ||    12
Armor: Animal skin       |    13 |       |       |       ||    13
       Ring mail         |    20 |     5 |       |       ||    25
       Chain mail        |       |     9 |       |       ||     9
       Plate armour      |       |    36 |   130 |   123 ||   289
Dodge: Dodged            |    41 |    51 |    64 |    92 ||   248
Block: Buckler           |     7 |    21 |    28 |    27 ||    83

Table legend: (Time is in decaauts)
 A = Elapsed time spent in this place.
 B = Non-inter-level travel time spent in this place.
 C = Inter-level travel time spent in this place.
 D = Time resting spent in this place.
 E = Time spent auto-exploring this place.
 F = Levels seen in this place.
 G = Mean time per level.
                   A        B        C        D        E       F      G
               +--------+--------+--------+--------+--------+-----+--------+
         Total |   9208 |   8832 |    376 |   1588 |   5253 |  12 |  767.3 |
       Dungeon |   8767 |   8391 |    376 |   1374 |   5197 |  10 |  876.7 |
  Orcish Mines |     15 |     15 |      0 |      0 |      0 |   1 |   15.0 |
         Abyss |    425 |    425 |      0 |    214 |     56 |   1 |  425.0 |
               +--------+--------+--------+--------+--------+-----+--------+

Top non-repeatable levels by time:
     D:2: 1020 daAuts
     D:3: 1010 daAuts
     D:1: 935 daAuts
     D:4: 918 daAuts
     D:7: 917 daAuts
     D:5: 898 daAuts
     D:9: 896 daAuts
    D:10: 817 daAuts
     D:8: 761 daAuts
     D:6: 590 daAuts
 Abyss:1: 425 daAuts
   Orc:1: 15 daAuts
